| TOP OF THE 1ST |
|
Kannapolis Intimidators batting - Pitching for Delmarva Shorebirds : RHP Gavin Nelson
|
|
Pitching: RHP Gavin Nelson
|
|
|
Batting: RHB Dieter Knoops
|
0-0: Ball 1-0: Called Strike 1-1: Ball 2-1: Called Strike 2-2: Strikes out swinging
|
|
Batting: LHB John Thurman
|
0-0: Called Strike 0-1: SINGLE (Line Drive, 7S, EV 100.6 MPH)
|
|
Batting: RHB Benny O'Connor
|
0-0: Called Strike 0-1: Ball 1-1: Ball 2-1: Ball 3-1: Foul Ball, location: 2F 3-2: Base on Balls John Thurman to second
|
|
Batting: RHB Noah Wall
|
0-0: Called Strike 0-1: Called Strike 0-2: Strikes out swinging
|
|
Batting: LHB Preston Knaak
|
0-0: Foul Ball, location: 2F 0-1: Swinging Strike 0-2: Ball 1-2: Ball 2-2: Foul Ball, location: 2F 2-2: Ball 3-2: Foul Ball, location: 2F 3-2: Strikes out swinging
|
| Top of the 1st over - 0 runs, 1 hit, 0 errors, 2 left on base; Kannapolis 0 - Delmarva 0 |
| BOTTOM OF THE 1ST |
|
Delmarva Shorebirds batting - Pitching for Kannapolis Intimidators : RHP Dan Lay
|
|
Pitching: RHP Dan Lay
|
|
|
Batting: RHB Orlando Melchor
|
0-0: Ball 1-0: Ball 2-0: Ball 3-0: Base on Balls
|
|
Batting: LHB Jose Bethancourt
|
0-0: Ball Orlando Melchor steals 2nd base 1-0: Foul Ball, location: 2F 1-1: Fly out, F8 (Line Drive, 8RXD, EV 109.4 MPH) Runner from 2nd tags up, SAFE at 3rd, no throw by CF
|
|
Batting: RHB Chase Cassidy
|
0-0: Called Strike 0-1: Foul Ball, location: 2F 0-2: DOUBLE (Groundball, 3L, EV 100.6 MPH) Orlando Melchor scores
|
|
Batting: LHB Pat Shaddock
|
0-0: Called Strike 0-1: Foul Ball, location: 2F 0-2: Ball Passed Ball! Chase Cassidy to third 1-2: Ball 2-2: Ball 3-2: Foul Ball, location: 2F 3-2: Foul Ball, location: 2F 3-2: Ground out 6-3 (Groundball, 6MS, EV 71.9 MPH) Chase Cassidy scores
|
|
Batting: RHB Longfellow Wetzler
|
0-0: Called Strike 0-1: Ground out 4-3 (Groundball, 4S, EV 82.5 MPH)
|
| Bottom of the 1st over - 2 runs, 1 hit, 0 errors, 0 left on base; Kannapolis 0 - Delmarva 2 |
| TOP OF THE 2ND |
|
Kannapolis Intimidators batting - Pitching for Delmarva Shorebirds : RHP Gavin Nelson
|
|
Batting: LHB Francisco Mayorga
|
0-0: Called Strike 0-1: Ball 1-1: Foul Ball, location: 2F 1-2: Ball 2-2: Strikes out swinging
|
|
Batting: RHB Ching-hsia Zhang
|
0-0: Foul Ball, location: 2F 0-1: Ball 1-1: Called Strike 1-2: Strikes out swinging, 2-3 out at first.
|
|
Batting: RHB Tyrell Camp
|
0-0: Foul Ball, location: 2F 0-1: Ball 1-1: Swinging Strike 1-2: Strikes out swinging
|
| Top of the 2nd over - 0 runs, 0 hits, 0 errors, 0 left on base; Kannapolis 0 - Delmarva 2 |
| BOTTOM OF THE 2ND |
|
Delmarva Shorebirds batting - Pitching for Kannapolis Intimidators : RHP Dan Lay
|
|
Batting: LHB Momoru Yasui
|
0-0: Ball 1-0: Foul Ball, location: 2F 1-1: Foul Ball, location: 2F 1-2: Ball 2-2: Foul Ball, location: 2F 2-2: Fly out, F9 (Flyball, 9, EV 92.5 MPH)
|
|
Batting: RHB Michel Kamphuis
|
0-0: Called Strike 0-1: Called Strike 0-2: Ball 1-2: Strikes out swinging
|
|
Batting: SHB Eric Tiehen
|
0-0: Called Strike 0-1: Ground out 6-3 (Groundball, 6M, EV 89.4 MPH)
|
| Bottom of the 2nd over - 0 runs, 0 hits, 0 errors, 0 left on base; Kannapolis 0 - Delmarva 2 |
| TOP OF THE 3RD |
|
Kannapolis Intimidators batting - Pitching for Delmarva Shorebirds : RHP Gavin Nelson
|
|
Batting: SHB Tyler Howard
|
0-0: Ball 1-0: Called Strike 1-1: Foul Ball, location: 2F 1-2: Foul Ball, location: 2F 1-2: Ball 2-2: Strikes out swinging
|
|
Batting: RHB Dieter Knoops
|
0-0: Ball 1-0: Foul Ball, location: 2F 1-1: Ball 2-1: Foul Ball, location: 2F 2-2: Ball 3-2: Ground out 5-3 (Groundball, 56, EV 93.8 MPH)
|
|
Batting: LHB John Thurman
|
0-0: Ball 1-0: Called Strike 1-1: Fly out, F4 (Flyball, 34D, EV 79.4 MPH)
|
| Top of the 3rd over - 0 runs, 0 hits, 0 errors, 0 left on base; Kannapolis 0 - Delmarva 2 |
| BOTTOM OF THE 3RD |
|
Delmarva Shorebirds batting - Pitching for Kannapolis Intimidators : RHP Dan Lay
|
|
Batting: RHB Mario Luna
|
0-0: Called Strike 0-1: Foul Ball, location: 2F 0-2: Ball 1-2: Ball 2-2: Foul Ball, location: 2F 2-2: Fly out, F3 (Popup, 3SF, EV 81.9 MPH)
|
|
Batting: RHB Orlando Melchor
|
0-0: Called Strike 0-1: Ball 1-1: Ball 2-1: Foul Ball, location: 2F 2-2: Ball 3-2: Ground out 4-3 (Groundball, 4, EV 86.2 MPH)
|
|
Batting: LHB Jose Bethancourt
|
0-0: Ball 1-0: Foul Ball, location: 2F 1-1: Ball 2-1: Foul Ball, location: 2F 2-2: Ball 3-2: Base on Balls
|
|
Batting: RHB Chase Cassidy
|
0-0: Called Strike Jose Bethancourt steals 2nd base 0-1: Ball 1-1: Foul Ball, location: 2F 1-2: SINGLE (Line Drive, 8RS, EV 111.2 MPH) Jose Bethancourt to third Runner from 3rd tries for Home, throw by CF and OUT! 8-2
|
| Bottom of the 3rd over - 0 runs, 1 hit, 0 errors, 1 left on base; Kannapolis 0 - Delmarva 2 |
| TOP OF THE 4TH |
|
Kannapolis Intimidators batting - Pitching for Delmarva Shorebirds : RHP Gavin Nelson
|
|
Batting: RHB Benny O'Connor
|
0-0: Ball 1-0: Ball 2-0: Foul Ball, location: 2F 2-1: Ground out 2-3 (Groundball, 2L, EV 75.0 MPH)
|
|
Batting: RHB Noah Wall
|
0-0: Ball 1-0: Called Strike 1-1: Foul Ball, location: 2F 1-2: Foul Ball, location: 2F 1-2: Foul Ball, location: 2F 1-2: Ball 2-2: Strikes out swinging
|
|
Batting: LHB Preston Knaak
|
0-0: Foul Ball, location: 2F 0-1: Fly out, F7 (Flyball, 78XD, EV 105.6 MPH)
|
| Top of the 4th over - 0 runs, 0 hits, 0 errors, 0 left on base; Kannapolis 0 - Delmarva 2 |
| BOTTOM OF THE 4TH |
|
Delmarva Shorebirds batting - Pitching for Kannapolis Intimidators : RHP Dan Lay
|
|
Batting: LHB Pat Shaddock
|
0-0: Called Strike 0-1: Foul Ball, location: 2F 0-2: Ball 1-2: Foul Ball, location: 2F 1-2: Foul Ball, location: 2F 1-2: Strikes out swinging
|
|
Batting: RHB Longfellow Wetzler
|
0-0: Ball 1-0: Ground out 1-3 (Groundball, P, EV 64.4 MPH)
|
|
Batting: LHB Momoru Yasui
|
0-0: Ball 1-0: Foul Ball, location: 2F 1-1: Ground out 4-3 (Groundball, 4, EV 91.2 MPH)
|
| Bottom of the 4th over - 0 runs, 0 hits, 0 errors, 0 left on base; Kannapolis 0 - Delmarva 2 |
| TOP OF THE 5TH |
|
Kannapolis Intimidators batting - Pitching for Delmarva Shorebirds : RHP Gavin Nelson
|
|
Batting: LHB Francisco Mayorga
|
0-0: Called Strike 0-1: Ground out U3 (Groundball, 3S, EV 87.5 MPH)
|
|
Batting: RHB Ching-hsia Zhang
|
0-0: Ball 1-0: Foul Ball, location: 2F 1-1: Ball 2-1: Ball 3-1: Base on Balls
|
|
Batting: RHB Tyrell Camp
|
0-0: Ball 1-0: Called Strike 1-1: Fly out, F6 (Line Drive, 6, EV 72.5 MPH)
|
|
Batting: SHB Tyler Howard
|
0-0: Ball 1-0: Ball 2-0: Ball 3-0: Called Strike 3-1: Swinging Strike 3-2: Strikes out swinging
|
| Top of the 5th over - 0 runs, 0 hits, 0 errors, 1 left on base; Kannapolis 0 - Delmarva 2 |
| BOTTOM OF THE 5TH |
|
Delmarva Shorebirds batting - Pitching for Kannapolis Intimidators : RHP Dan Lay
|
|
Batting: RHB Michel Kamphuis
|
0-0: Ball 1-0: Foul Ball, location: 2F 1-1: Ball 2-1: Ball 3-1: Base on Balls
|
|
Batting: SHB Eric Tiehen
|
0-0: Called Strike 0-1: Ball 1-1: Grounds into double play, 4-6-3 (Groundball, 34, EV 99.4 MPH)
|
|
Batting: RHB Mario Luna
|
0-0: Called Strike 0-1: Ball 1-1: Ball 2-1: Ball 3-1: Base on Balls
|
|
Batting: RHB Orlando Melchor
|
0-0: Called Strike 0-1: Ball 1-1: Ball 2-1: Ball 3-1: SINGLE (Groundball, 56S, EV 70.0 MPH) (infield hit) Mario Luna to second
|
|
Batting: LHB Jose Bethancourt
|
0-0: Ball 1-0: Ball 2-0: Called Strike 2-1: Foul Ball, location: 2F 2-2: Ball 3-2: Foul Ball, location: 2F 3-2: Foul Ball, location: 2F 3-2: Foul Ball, location: 2F 3-2: Base on Balls Mario Luna to third Orlando Melchor to second
|
|
Batting: RHB Chase Cassidy
|
0-0: Ball 1-0: Called Strike 1-1: Foul Ball, location: 2F 1-2: Foul Ball, location: 2F 1-2: Fly out, F7 (Flyball, 7, EV 86.9 MPH)
|
| Bottom of the 5th over - 0 runs, 1 hit, 0 errors, 3 left on base; Kannapolis 0 - Delmarva 2 |
| TOP OF THE 6TH |
|
Kannapolis Intimidators batting - Pitching for Delmarva Shorebirds : RHP Gavin Nelson
|
|
Pitching: RHP Mike Brubaker
|
|
|
Batting: RHB Dieter Knoops
|
0-0: Ball 1-0: Called Strike 1-1: Swinging Strike 1-2: Foul Ball, location: 2F 1-2: Foul Ball, location: 2F 1-2: Foul Ball, location: 2F 1-2: Ball 2-2: Ball 3-2: Strikes out swinging
|
|
Batting: LHB John Thurman
|
0-0: Foul Ball, location: 2F 0-1: DOUBLE (Flyball, 78XD, EV 107.5 MPH)
|
|
Batting: RHB Benny O'Connor
|
0-0: Called Strike 0-1: Ball 1-1: Foul Ball, location: 2F 1-2: Ball 2-2: Ball 3-2: Foul Ball, location: 2F 3-2: Foul Ball, location: 2F 3-2: 2-RUN HOME RUN (Flyball, 89XD, EV 113.1 MPH), Distance : 431 ft
|
|
Batting: RHB Noah Wall
|
0-0: Fly out, F8 (Flyball, 8RD, EV 97.5 MPH)
|
|
Batting: LHB Preston Knaak
|
0-0: Foul Ball, location: 2F 0-1: Ball 1-1: Called Strike 1-2: Ball 2-2: Ball 3-2: Foul Ball, location: 2F 3-2: Foul Ball, location: 2F 3-2: Strikes out looking
|
| Top of the 6th over - 2 runs, 2 hits, 0 errors, 0 left on base; Kannapolis 2 - Delmarva 2 |
| BOTTOM OF THE 6TH |
|
Delmarva Shorebirds batting - Pitching for Kannapolis Intimidators : RHP Dan Lay
|
|
Batting: LHB Pat Shaddock
|
0-0: SINGLE (Flyball, 56D, EV 86.2 MPH)
|
|
Batting: RHB Longfellow Wetzler
|
0-0: Ball 1-0: Foul Ball, location: 2F 1-1: 2-RUN HOME RUN (Flyball, 7D, EV 98.1 MPH), Distance : 375 ft
|
|
Batting: LHB Momoru Yasui
|
0-0: Called Strike 0-1: Foul Ball, location: 2F 0-2: SINGLE (Groundball, 34D, EV 101.9 MPH)
|
|
Pitching: RHP Tony Arriaga
|
|
|
Batting: RHB Michel Kamphuis
|
0-0: Ball 1-0: Foul Ball, location: 2F 1-1: Ball 2-1: Swinging Strike 2-2: Strikes out swinging
|
|
Batting: SHB Eric Tiehen
|
0-0: Ball 1-0: Called Strike 1-1: Ball 2-1: Swinging Strike 2-2: Ball 3-2: Base on Balls Momoru Yasui to second
|
|
Batting: RHB Mario Luna
|
0-0: Ball 1-0: Called Strike 1-1: Ball 2-1: SINGLE (Groundball, 34D, EV 109.4 MPH) Momoru Yasui to third Eric Tiehen to second Runner from 3rd tries for Home, SAFE, throw by RF to home
|
|
Batting: RHB Orlando Melchor
|
0-0: Ball Eric Tiehen steals 3rd base Mario Luna to second 1-0: Called Strike 1-1: Foul Ball, location: 2F 1-2: Ball 2-2: Ball 3-2: SINGLE (Flyball, 8RS, EV 95.0 MPH) Eric Tiehen scores Mario Luna to third
|
|
Pitching: LHP Yasuaki Yamada
|
|
|
Batting: LHB Jose Bethancourt
|
0-0: Called Strike 0-1: Called Strike 0-2: Fly out, F6 (Popup, 6, EV 57.5 MPH)
|
|
Batting: RHB Chase Cassidy
|
0-0: Ball 1-0: Ball 2-0: Ground out 4-3 (Groundball, 34, EV 98.1 MPH)
|
| Bottom of the 6th over - 4 runs, 5 hits, 0 errors, 2 left on base; Kannapolis 2 - Delmarva 6 |
| TOP OF THE 7TH |
|
Kannapolis Intimidators batting - Pitching for Delmarva Shorebirds : RHP Mike Brubaker
|
|
Pitching: RHP Toshiyuki Funaki
|
|
|
Now at 3B: Kiyuu del Castillo
|
|
|
Batting: LHB Francisco Mayorga
|
0-0: Ball 1-0: Called Strike 1-1: Ball 2-1: Fly out, F8 (Flyball, 8RXD, EV 89.4 MPH)
|
|
Batting: RHB Ching-hsia Zhang
|
0-0: Ball 1-0: Foul Ball, location: 2F 1-1: Ball 2-1: Foul Ball, location: 2F 2-2: Ground out 1-3 (Groundball, 15S, EV 61.2 MPH)
|
|
Batting: RHB Tyrell Camp
|
0-0: Foul Ball, location: 2F 0-1: Swinging Strike 0-2: Strikes out looking
|
| Top of the 7th over - 0 runs, 0 hits, 0 errors, 0 left on base; Kannapolis 2 - Delmarva 6 |
| BOTTOM OF THE 7TH |
|
Delmarva Shorebirds batting - Pitching for Kannapolis Intimidators : LHP Yasuaki Yamada
|
|
Batting: LHB Pat Shaddock
|
0-0: Called Strike 0-1: Ground out 6-3 (Groundball, 6S, EV 79.4 MPH)
|
|
Batting: RHB Longfellow Wetzler
|
0-0: Ball 1-0: Ball 2-0: Called Strike 2-1: Swinging Strike 2-2: Foul Ball, location: 2F 2-2: Ball 3-2: Foul Ball, location: 2F 3-2: Strikes out swinging
|
|
Batting: LHB Momoru Yasui
|
0-0: Swinging Strike 0-1: Called Strike 0-2: Ball 1-2: Ball 2-2: SINGLE (Groundball, 34D, EV 95.6 MPH)
|
|
Pitching: LHP Donald Brannon
|
|
|
Batting: RHB Michel Kamphuis
|
0-0: Ball 1-0: Ball 2-0: Fielders Choice at 2nd, 6-4 (Groundball, 6, EV 95.6 MPH)
|
| Bottom of the 7th over - 0 runs, 1 hit, 0 errors, 1 left on base; Kannapolis 2 - Delmarva 6 |
| TOP OF THE 8TH |
|
Kannapolis Intimidators batting - Pitching for Delmarva Shorebirds : RHP Toshiyuki Funaki
|
|
Pitching: RHP Nick Hoag
|
|
|
Batting: SHB Tyler Howard
|
0-0: Called Strike 0-1: Foul Ball, location: 2F 0-2: Ball 1-2: Reached on error, E4 (Groundball, 4, EV 93.1 MPH)
|
|
Batting: RHB Dieter Knoops
|
0-0: Ball Wild Pitch! Tyler Howard to second 1-0: Called Strike 1-1: Ball 2-1: Swinging Strike 2-2: Foul Ball, location: 2F 2-2: Ball 3-2: Strikes out looking
|
|
Batting: LHB John Thurman
|
0-0: Ball 1-0: Ball 2-0: Ball 3-0: Called Strike 3-1: Fly out, F8 (Line Drive, 8LM, EV 93.8 MPH)
|
|
Batting: RHB Benny O'Connor
|
0-0: Ball 1-0: 2-RUN HOME RUN (Flyball, 7LD, EV 93.8 MPH), Distance : 345 ft
|
|
Batting: RHB Noah Wall
|
0-0: Ball 1-0: Called Strike 1-1: Ball 2-1: Fly out, F8 (Flyball, 78D, EV 95.6 MPH)
|
| Top of the 8th over - 2 runs, 1 hit, 1 error, 0 left on base; Kannapolis 4 - Delmarva 6 |
| BOTTOM OF THE 8TH |
|
Delmarva Shorebirds batting - Pitching for Kannapolis Intimidators : LHP Donald Brannon
|
|
Batting: SHB Eric Tiehen
|
0-0: Called Strike 0-1: Ground out 4-3 (Groundball, 4, EV 101.2 MPH)
|
|
Batting: RHB Mario Luna
|
0-0: Ball 1-0: Ball 2-0: Ground out 6-3 (Groundball, 6, EV 81.9 MPH)
|
|
Batting: RHB Orlando Melchor
|
0-0: Called Strike 0-1: Ball 1-1: Ball 2-1: Ball 3-1: Foul Ball, location: 2F 3-2: Base on Balls
|
|
Batting: LHB Jose Bethancourt
|
0-0: Ball 1-0: Called Strike Orlando Melchor steals 2nd base (no throw) 1-1: Swinging Strike 1-2: Ball 2-2: Foul Ball, location: 2F 2-2: Foul Ball, location: 2F 2-2: Foul Ball, location: 2F 2-2: Strikes out swinging
|
| Bottom of the 8th over - 0 runs, 0 hits, 0 errors, 1 left on base; Kannapolis 4 - Delmarva 6 |
| TOP OF THE 9TH |
|
Kannapolis Intimidators batting - Pitching for Delmarva Shorebirds : RHP Nick Hoag
|
|
Pitching: LHP Mark Gehring
|
|
|
Pinch Hitting: RHB Omar Lopez
|
0-0: Ball 1-0: Swinging Strike 1-1: Foul Ball, location: 2F 1-2: SINGLE (Groundball, 25, EV 76.9 MPH) (infield hit)
|
|
Pinch Hitting: RHB Mike Warzecha
|
0-0: Called Strike 0-1: Foul Ball, location: 2F 0-2: Foul Ball, location: 2F 0-2: Ball 1-2: Fly out, F8 (Flyball, 8LM, EV 90.6 MPH)
|
|
Batting: RHB Ching-hsia Zhang
|
0-0: Swinging Strike 0-1: Ball 1-1: Ball 2-1: Called Strike 2-2: Strikes out looking
|
|
Batting: RHB Tyrell Camp
|
0-0: Ball 1-0: Called Strike 1-1: Ball 2-1: Swinging Strike 2-2: Strikes out looking
|
| Top of the 9th over - 0 runs, 1 hit, 0 errors, 1 left on base; Kannapolis 4 - Delmarva 6 |
|